 Dungeon Crawl Stone Soup version 0.27.1-33-g824d729ab1 (webtiles) character file.

Game seed: 989398267408862306

51 solopath the Insei (level 3, -2/22 (23) HPs)
             Began as an Octopode Transmuter on Dec 6, 2021.
             Slain by Crazy Yiuf (9 damage)
             ... on level 2 of the Dungeon.
             The game lasted 00:02:12 (1846 turns).

solopath the Insei (Octopode Transmuter)            Turns: 1846, Time: 00:02:13

HP:   -2/22 (23)    AC:  1    Str:  9    XL:     3   Next: 81%
MP:   5/6           EV: 13    Int: 22    God:
Gold: 79            SH:  0    Dex: 12    Spells: 5/6 levels left

rFire    . . .     SeeInvis .     - Unarmed
rCold    . . .     Faith    .   (no shield)
rNeg     . . .     Spirit   .   (helmet currently unavailable)
rPois    .         Reflect  .   (no amulet)
rElec    .         Harm     .   a - ring of resist corrosion
rCorr    +         Rampage  .   f - +6 ring of intelligence
Will     .....                  (no ring)
Stlth    +++.......             (no ring)
HPRegen  0.07/turn              (no ring)
MPRegen  0.10/turn              (no ring)
                                (no ring)
                                (no ring)

@: appendages, lightly drained
A: tentacle spike 3, almost no armour, amphibious, 8 rings, camouflage 1,
gelatinous body 1, (nimble swimmer 1), tentacles
a: End Transformation


You were on level 2 of the Dungeon.
One of your tentacles had grown a beastly spike.
You visited 1 branch of the dungeon, and saw 2 of its levels.

You collected 79 gold pieces.

Inventory:

Jewellery
 a - a ring of resist corrosion (left tentacle)
 f - a +6 ring of intelligence (right tentacle)
Scrolls
 b - 2 scrolls of identify {unknown}
 g - a scroll of teleportation {unknown}
 h - a scroll of noise {unknown}
Potions
 c - a potion of degeneration {unknown}
 d - a potion of heal wounds {unknown}
 e - a potion of lignification {unknown}


   Skills:
 - Level 1.0 Fighting
 - Level 2.0 Dodging
 + Level 2.5 Stealth
 * Level 4.1 Unarmed Combat
 - Level 2.0 Spellcasting
 - Level 2.0 Transmutations


You had 5 spell levels left.
You knew the following spells:

 Your Spells              Type           Power      Damage    Failure   Level
a - Beastly Appendage     Tmut           22%        N/A       6%          1

Your spell library contained the following spells:

 Spells                   Type           Power      Damage    Failure   Level
 Wereblood                Tmut           11%        N/A       9%          2
 Spider Form              Tmut/Pois      3%         N/A       26%         3
 Ice Form                 Ice/Tmut       6%         N/A       65%         4


Dungeon Overview and Level Annotations

Branches:
Dungeon (2/15)

Altars:
Kikubaaqudgha

Shops:
D:1 [

Annotations:
D:2 Crazy Yiuf


Innate Abilities, Weirdness & Mutations

One of your tentacles has grown a beastly spike.
You cannot wear most types of armour.
You are amphibious.
You can wear up to eight rings at the same time.
Your skin changes colour to match your surroundings (Stealth+).
Your rubbery body absorbs attacks. (AC +1, EV +1)
((You are camouflaged near water. (Stealth+)))
You have tentacles for arms and can constrict up to eight enemies at once.


Message History

No target in view!
No target in view!
No target in view!
You now have 79 gold pieces (gained 11).
b - 2 scrolls labelled RYOTHR HYILL (gained 1)
Found a dagger.
You see here a +0 dagger.
Found 25 bolts.
You see here 25 bolts.
Found a mace.
Found a runed translucent door.
Crazy Yiuf shouts!
Crazy Yiuf grits, "Cod sing shoe!"
You see here 25 bolts.
Found a stone staircase leading up.
You see here 25 bolts.
Crazy Yiuf says, "Iron!"
You open the door.
Casting: Beastly Appendage (safe; 6% risk of failure)
Confirm with . or Enter, or press ? or * to list all spells.
One of your tentacles grows a vicious spike.
Crazy Yiuf hits you but does no damage.
You are confused.
You're too confused to move!
Crazy Yiuf barely misses you.
You bump into the stone wall.
Crazy Yiuf hits you with a +3 quarterstaff of chaos!
Ouch! That really hurt!
You feel drained.
You bump into the stone wall.
Crazy Yiuf barely misses you.
You miss Crazy Yiuf.
Your tentacle spike misses Crazy Yiuf.
Your squeeze misses Crazy Yiuf.
Crazy Yiuf flaps his cloak.
Crazy Yiuf barely misses you.
You bump into the rock wall.
Crazy Yiuf completely misses you.
You tentacle-slap Crazy Yiuf but do no damage.
You feel less confused.
You tentacle-slap Crazy Yiuf. You grab Crazy Yiuf.
You pierce Crazy Yiuf.
Crazy Yiuf is moderately wounded.
You constrict Crazy Yiuf, but do no damage.
Crazy Yiuf hits you with a +3 quarterstaff of chaos!
You die...

#.###
#..........# .##
#.########.##
.###### #<# #..#
......#### ###
##.# .........#
#.# .####.####
#######(## .# #.#
### ###.#......#
.# #.####
#...##..#.......#
.# #....#
#...g@####......#
.# ###### #)..###
##....## .# ###
###### .#########
.........#
##########


You could see Crazy Yiuf.

Vanquished Creatures
  An adder (D:2)
  3 worms (D:2)
  3 endoplasms (D:1)
  A giant cockroach (D:1)
  A goblin (D:1)
  3 hobgoblins
  3 kobolds (D:1)
  A quokka (D:2)
  4 ball pythons
  8 bats
  A frilled lizard (D:1)
  3 rats
32 creatures vanquished.

Notes
Turn   | Place    | Note
-------+----------+-------------------------------------------
     0 | D:1      | solopath the Octopode Transmuter began the quest for the
                  | Orb.
     0 | D:1      | Reached XP level 1. HP: 13/13 MP: 3/3
   165 | D:1      | Reached skill level 1 in Stealth
   204 | D:1      | Reached XP level 2. HP: 18/18 MP: 5/5
   370 | D:1      | Found Doseukk's Antique Armour Emporium.
  1068 | D:2      | Reached XP level 3. HP: 4/23 MP: 4/6
  1349 | D:2      | Reached skill level 4 in Unarmed Combat
  1566 | D:2      | Found an ancient bone altar of Kikubaaqudgha.
  1790 | D:2      | Found a runed translucent door.
  1791 | D:2      | Noticed Crazy Yiuf
  1846 | D:2      | Slain by Crazy Yiuf

Illustrated notes

Levels and vault maps discovered:
D:1:      ncdulo_wetmaze, layout_rooms, serial_shops,
          nicolae_shop_temple_entry_statues_fountains
D:2:      layout_loops_ring, basic_altar, uniq_crazy_yiuf_cottage

Skill      XL: |  1  2  3 |
---------------+----------+-----
Stealth        | 1 2 |  2.5
Unarmed Combat | 4 |  4.1
Fighting       | |  1.0
Dodging        | |  2.0
Spellcasting   | |  2.0
Transmutations | |  2.0

Action                   || total
-------------------------++-------
Melee: Unarmed           ||    72
       Constrict         ||    17
       Tentacles         ||    12
       Punch             ||     4
       Kick              ||     3
 Cast: Beastly Appendage ||    10
 Stab: Sleeping          ||     9
Armor: Skin              ||    11
Dodge: Dodged            ||    40
